Bruins vs Senators

Created - April 27 2011 at 18:10

Goals
1 2 3 OT1 T
Bruins 3 1 0 1 5
Senators 0 4 0 0 4
Shots
1 2 3 OT1 T
Bruins 9 11 11 3 34
Senators 7 20 12 4 43

Period #1

1. Bruins , Henrik Zetterberg 3 (Nathan Horton) at 8:33 (PP)
2. Bruins , Dan Hamhuis 2 (Rick Nash, Nathan Horton) at 9:45 (PP)
3. Bruins , Zdeno Chara 3 (Dan Hamhuis, Henrik Zetterberg) at 11:12 (PP)

Penalties :
Milan Lucic (BOS) for Roughing (Minor) at 6:24, Guillaume Latendresse (OTT) for Slashing (Double Minor) at 7:10, Carl Gunnarsson (OTT) for Holding (Minor) at 10:02, Karlis Skrastins (OTT) for Tripping (Minor) at 12:15, Chris Stewart (OTT) for Roughing (Minor) at 15:11, Dennis Seidenberg (BOS) for Tripping (Minor) at 19:31

Period #2

4. Senators , Guillaume Latendresse 3 (David Jones, Jordan Staal) at 1:41
5. Senators , Jason Spezza 5 (Thomas Vanek, Daniel Briere) at 7:19
6. Senators , Dion Phaneuf 2 (Jason Spezza) at 11:07 (PP)
7. Bruins , Rick Nash 6 (Tom Gilbert, Patrice Bergeron) at 17:06
8. Senators , Guillaume Latendresse 4 (Jay Bouwmeester, Jordan Staal) at 17:58

Penalties :
Dan Hamhuis (BOS) for Tripping (Minor) at 4:16, Dion Phaneuf (OTT) for Elbowing (Minor) at 7:37, Dustin Brown (BOS) for Hooking (Minor) at 7:48, Toni Lydman (BOS) for Hooking (Minor) at 10:13, Daniel Briere (OTT) for Holding (Minor) at 14:53, Milan Lucic (BOS) for Roughing (Minor) at 19:30

Period #3

No Goal

Penalties :
Jordan Staal (OTT) for Hooking (Minor) at 1:38, Dan Hamhuis (BOS) for High sticking (Minor) at 4:16, Dennis Seidenberg (BOS) for Hooking (Minor) at 8:28, Chris Stewart (OTT) for Roughing (Minor) at 11:29, Dan Hamhuis (BOS) for Holding (Minor) at 11:29, Daniel Briere (OTT) for High sticking (Minor) at 15:31, Dennis Seidenberg (BOS) for Holding (Minor) at 15:31, Zdeno Chara (BOS) for Holding (Minor) at 16:03

Overtime #1

9. Bruins , Henrik Zetterberg 4 (Rich Peverley, Dennis Seidenberg) at 7:05

Penalties :
David Jones (OTT) for Roughing (Minor) at 1:05, David Jones (OTT) for Tripping (Minor) at 4:25, Dennis Seidenberg (BOS) for Roughing (Minor) at 4:25

Goalie Stats

Cam Ward (BOS), 39 saves from 43 shots - (0.907), W, 6-4-0, 67:06 minutes
Carey Price (OTT), 13 saves from 17 shots - (0.765), 37:06 minutes
Pascal Leclaire (OTT), 16 saves from 17 shots - (0.941), OTL, 4-1-1, 30:00 minutes

Players Stats

Bruins
Player Name              G  A  P  +/- PIM S  H  SB FO    MP 
------------------------------------------------------------
Brad Marchand            0  0  0  -1  0   0  0  0  1/1   10 
Chris Kelly              0  0  0  -1  0   0  0  0  7/16  13 
Dan Hamhuis              1  1  2   0  6   2  3  0  0/0   24 
David Krejci             0  0  0   0  0   0  0  0  11/22 15 
Dennis Seidenberg        0  1  1   0  8   1  1  2  0/0   22 
Dustin Brown             0  0  0   0  2   3  3  0  1/5   19 
Gregory Campbell         0  0  0   0  0   0  1  0  0/0   7  
Henrik Zetterberg        2  1  3   0  0   9  0  2  16/27 23 
Jordan Leopold           0  0  0  -1  0   0  0  0  0/0   21 
Mark Recchi              0  0  0   0  0   3  0  0  0/1   10 
Milan Lucic              0  0  0  -1  4   3  2  0  1/1   10 
Nathan Horton            0  2  2   0  0   3  2  1  0/1   12 
Patrice Bergeron         0  1  1   0  0   0  1  0  14/33 18 
Rich Peverley            0  1  1   0  0   2  0  0  1/2   17 
Rick Nash                1  1  2   0  0   7  2  0  3/5   26 
Tom Gilbert              0  1  1   0  0   0  1  2  0/0   16 
Toni Lydman              0  0  0  -1  2   0  0  1  0/0   22 
Zdeno Chara              1  0  1   0  2   1  1  1  0/0   27 
Senators
Player Name              G  A  P  +/- PIM S  H  SB FO    MP 
------------------------------------------------------------
Brent Sopel              0  0  0   1  0   1  0  1  0/0   17 
Carl Gunnarsson          0  0  0   0  2   2  1  2  0/0   23 
Chris Stewart            0  0  0   0  4   3  3  0  2/2   21 
Daniel Briere            0  1  1   0  4   2  1  0  0/1   19 
David Jones              0  1  1   1  4   0  1  0  0/3   15 
David Steckel            0  0  0   0  0   0  0  0  4/10  7  
Dion Phaneuf             1  0  1   0  2   2  1  0  0/0   26 
Filip Kuba               0  0  0   0  0   2  1  0  0/0   21 
Guillaume Latendresse    2  0  2   1  4   4  0  0  0/0   11 
Jason Spezza             1  1  2   0  0   7  0  0  18/27 21 
Jay Bouwmeester          0  1  1   1  0   0  3  0  0/0   26 
Jordan Staal             0  2  2   1  2   2  2  0  6/17  15 
Karlis Skrastins         0  0  0   0  2   2  1  0  0/0   20 
Mike Cammalleri          0  0  0   0  0   5  2  0  1/1   22 
Patrick Dwyer            0  0  0   0  0   0  0  0  0/0   0  
Patrick Eaves            0  0  0   0  0   0  0  0  0/0   6  
Sidney Crosby            0  0  0   0  0   7  2  1  27/51 25 
Thomas Vanek             0  1  1   0  0   4  0  0  1/2   19 

3 Stars

1 - Henrik Zetterberg (BOS)
2 - Rick Nash (BOS)
3 - Jason Spezza (OTT)

Power Play

Bruins - 3 on 8 Attempt(s) - 37.50%
Senators - 1 on 9 Attempt(s) - 11.11%

Penalty Kill

Bruins - 8 on 9 Attempt(s) - 88.89% - Score 0 goal in Penalty Kill
Senators - 5 on 8 Attempt(s) - 62.50% - Score 0 goal in Penalty Kill

Game Notes

Pascal Leclaire enters game at 17:06 of 2nd period
Filip Kuba is injured at 0:18 of 1st overtime period (Bruised Left Shoulder)

Finance

Level 1 -- Attendance: 6500 (100.00%) -- Ticket Income $650,000.00
Level 2 -- Attendance: 5000 (100.00%) -- Ticket Income $300,000.00
Level 3 -- Attendance: 3500 (100.00%) -- Ticket Income $122,500.00
Level 4 -- Attendance: 2127 (67.46%) -- Ticket Income $63,810.00
Luxury Box -- Attendance: 921 (92.10%) -- Ticket Income $230,250.00
Game was played at the Scotiabank Place
Total Attendance: 18048 (94.23%)
Total Ticket Income: $1,469,725.00
Other Income: $440,917.39
Total Income: $1,910,642.00


Play by Play

Period #1

0:01 of 1st period - David Krejci wins face-off versus Sidney Crosby in neutral zone.
0:36 of 1st period - Shot by Nathan Horton.
0:36 of 1st period - Stopped by Carey Price without a rebound.
0:37 of 1st period - Jason Spezza wins face-off versus Henrik Zetterberg in Senators zone.
1:00 of 1st period - Shot by Thomas Vanek.
1:00 of 1st period - Shot Misses the Net.
1:02 of 1st period - Shot by Karlis Skrastins.
1:02 of 1st period - Shot Misses the Net.
1:04 of 1st period - Shot by Karlis Skrastins.
1:04 of 1st period - Shot Misses the Net.
1:08 of 1st period - Shot by Daniel Briere.
1:08 of 1st period - Stopped by Cam Ward with a rebound.
1:10 of 1st period - Shot by Thomas Vanek.
1:10 of 1st period - Shot Blocked by Dennis Seidenberg.
1:12 of 1st period - Shot by Jason Spezza.
1:12 of 1st period - Shot Blocked by Toni Lydman.
1:16 of 1st period - Shot by Jason Spezza.
1:16 of 1st period - Deflect By Thomas Vanek.
1:16 of 1st period - Stopped by Cam Ward without a rebound.
1:17 of 1st period - Chris Kelly wins face-off versus Jordan Staal in Bruins zone.
1:17 of 1st period - Chris Kelly is hit by Jordan Staal.
1:23 of 1st period - Jordan Staal is hit by Milan Lucic and loses puck.
2:05 of 1st period - Icing by Dan Hamhuis.
2:06 of 1st period - Chris Kelly wins face-off versus Sidney Crosby in Bruins zone.
2:31 of 1st period - Shot by Zdeno Chara.
2:31 of 1st period - Shot Misses the Net.
2:38 of 1st period - Icing by Dion Phaneuf.
2:39 of 1st period - Henrik Zetterberg wins face-off versus Sidney Crosby in Senators zone.
3:51 of 1st period - Icing by Carl Gunnarsson.
3:52 of 1st period - Jason Spezza wins face-off versus Rick Nash in Senators zone.
4:08 of 1st period - Shot by Thomas Vanek.
4:08 of 1st period - Stopped by Cam Ward with a rebound.
4:12 of 1st period - Shot by Jason Spezza.
4:12 of 1st period - Stopped by Cam Ward without a rebound.
4:13 of 1st period - Chris Kelly wins face-off versus Jordan Staal in Bruins zone.
4:25 of 1st period - Shot by Chris Kelly.
4:25 of 1st period - Deflect By Milan Lucic.
4:25 of 1st period - Shot Misses the Net.
4:45 of 1st period - Icing by Dan Hamhuis.
4:46 of 1st period - Jason Spezza wins face-off versus Chris Kelly in Bruins zone.
5:19 of 1st period - Thomas Vanek is hit by Rick Nash and loses puck.
6:09 of 1st period - Shot by Guillaume Latendresse.
6:09 of 1st period - Stopped by Cam Ward without a rebound.
6:10 of 1st period - Henrik Zetterberg wins face-off versus Sidney Crosby in Bruins zone.
6:22 of 1st period - Icing by Mike Cammalleri.
6:23 of 1st period - Sidney Crosby wins face-off versus Chris Kelly in Senators zone.
6:23 of 1st period - Dion Phaneuf is hit by Milan Lucic and loses puck.
6:24 of 1st period - Minor Penalty to Milan Lucic for Roughing.
6:25 of 1st period - Henrik Zetterberg wins face-off versus Sidney Crosby in Bruins zone.
6:40 of 1st period - Dan Hamhuis is hit by Sidney Crosby and loses puck.
7:10 of 1st period - Double Minor Penalty to Guillaume Latendresse for Slashing.
7:11 of 1st period - Jason Spezza wins face-off versus David Krejci in Senators zone.
7:49 of 1st period - Jay Bouwmeester is hit by Tom Gilbert.
8:25 of 1st period - Shot by Sidney Crosby.
8:25 of 1st period - Stopped by Cam Ward without a rebound.
8:26 of 1st period - Henrik Zetterberg wins face-off versus David Steckel in Bruins zone.
8:33 of 1st period - Shot by Henrik Zetterberg.
8:33 of 1st period - Goal by Henrik Zetterberg - Bruins : 1 - Senators : 0.
8:34 of 1st period - Jordan Staal wins face-off versus David Krejci in neutral zone.
9:27 of 1st period - Shot by Henrik Zetterberg.
9:27 of 1st period - Stopped by Carey Price with a rebound.
9:31 of 1st period - Shot by Nathan Horton.
9:31 of 1st period - Deflect By Henrik Zetterberg.
9:31 of 1st period - Stopped by Carey Price without a rebound.
9:32 of 1st period - Rick Nash wins face-off versus David Steckel in Senators zone.
9:43 of 1st period - Shot by Rick Nash.
9:43 of 1st period - Shot Misses the Net.
9:45 of 1st period - Shot by Dan Hamhuis.
9:45 of 1st period - Goal by Dan Hamhuis - Bruins : 2 - Senators : 0.
9:46 of 1st period - Jason Spezza wins face-off versus Chris Kelly in neutral zone.
10:02 of 1st period - Minor Penalty to Carl Gunnarsson for Holding.
10:03 of 1st period - David Steckel wins face-off versus David Krejci in Senators zone.
11:08 of 1st period - Shot by Henrik Zetterberg.
11:08 of 1st period - Shot Misses the Net.
11:10 of 1st period - Shot by Dan Hamhuis.
11:10 of 1st period - Shot Misses the Net.
11:12 of 1st period - Shot by Zdeno Chara.
11:12 of 1st period - Goal by Zdeno Chara - Bruins : 3 - Senators : 0.
11:13 of 1st period - Sidney Crosby wins face-off versus Mark Recchi in neutral zone.
12:15 of 1st period - Minor Penalty to Karlis Skrastins for Tripping.
12:16 of 1st period - David Steckel wins face-off versus David Krejci in Senators zone.
13:19 of 1st period - Shot by Nathan Horton.
13:19 of 1st period - Shot Misses the Net.
13:21 of 1st period - Shot by Dan Hamhuis.
13:21 of 1st period - Stopped by Carey Price without a rebound.
13:22 of 1st period - David Krejci wins face-off versus Jordan Staal in Senators zone.
13:22 of 1st period - Dustin Brown is hit by Filip Kuba and loses puck.
13:44 of 1st period - Rich Peverley is hit by Dion Phaneuf and loses puck.
13:58 of 1st period - Icing by Dennis Seidenberg.
13:59 of 1st period - David Krejci wins face-off versus David Steckel in Bruins zone.
14:32 of 1st period - Shot by Jason Spezza.
14:32 of 1st period - Shot Misses the Net.
14:34 of 1st period - Shot by Carl Gunnarsson.
14:34 of 1st period - Shot Misses the Net.
14:36 of 1st period - Shot by Karlis Skrastins.
14:36 of 1st period - Stopped by Cam Ward without a rebound.
14:37 of 1st period - Sidney Crosby wins face-off versus Chris Kelly in Bruins zone.
15:11 of 1st period - Minor Penalty to Chris Stewart for Roughing.
15:12 of 1st period - Henrik Zetterberg wins face-off versus David Steckel in Senators zone.
16:34 of 1st period - Shot by Henrik Zetterberg.
16:34 of 1st period - Shot Misses the Net.
16:36 of 1st period - Shot by Henrik Zetterberg.
16:36 of 1st period - Stopped by Carey Price without a rebound.
16:37 of 1st period - David Steckel wins face-off versus Henrik Zetterberg in Senators zone.
16:48 of 1st period - Shot by Rick Nash.
16:48 of 1st period - Stopped by Carey Price with a rebound.
16:50 of 1st period - Shot by Tom Gilbert.
16:50 of 1st period - Shot Misses the Net.
17:29 of 1st period - Thomas Vanek is hit by Dan Hamhuis and loses puck.
17:42 of 1st period - Shot by Jordan Leopold.
17:42 of 1st period - Shot Misses the Net.
19:16 of 1st period - Shot by Jordan Staal.
19:16 of 1st period - Shot Misses the Net.
19:31 of 1st period - Minor Penalty to Dennis Seidenberg for Tripping.
19:32 of 1st period - Henrik Zetterberg wins face-off versus Jason Spezza in Bruins zone.

Period #2

0:01 of 2nd period - Patrice Bergeron wins face-off versus Sidney Crosby in neutral zone.
0:16 of 2nd period - Icing by Daniel Briere.
0:17 of 2nd period - Patrice Bergeron wins face-off versus Sidney Crosby in Senators zone.
0:18 of 2nd period - Shot by Rick Nash.
0:18 of 2nd period - Stopped by Carey Price without a rebound.
0:19 of 2nd period - Chris Stewart wins face-off versus Patrice Bergeron in Senators zone.
0:28 of 2nd period - Shot by Jason Spezza.
0:28 of 2nd period - Shot Misses the Net.
0:46 of 2nd period - Shot by Jason Spezza.
0:46 of 2nd period - Stopped by Cam Ward without a rebound.
0:47 of 2nd period - Sidney Crosby wins face-off versus Henrik Zetterberg in Bruins zone.
1:08 of 2nd period - Dan Hamhuis is hit by Daniel Briere.
1:37 of 2nd period - Shot by Guillaume Latendresse.
1:37 of 2nd period - Stopped by Cam Ward without a rebound.
1:38 of 2nd period - Jordan Staal wins face-off versus Henrik Zetterberg in Bruins zone.
1:41 of 2nd period - Shot by David Jones.
1:41 of 2nd period - Deflect By Guillaume Latendresse.
1:41 of 2nd period - Goal by Guillaume Latendresse - Bruins : 3 - Senators : 1.
1:42 of 2nd period - Chris Kelly wins face-off versus David Jones in neutral zone.
2:00 of 2nd period - Icing by Jordan Staal.
2:01 of 2nd period - Rich Peverley wins face-off versus Jordan Staal in Senators zone.
2:01 of 2nd period - Rich Peverley is hit by Jay Bouwmeester.
2:07 of 2nd period - Shot by Dustin Brown.
2:07 of 2nd period - Stopped by Carey Price with a rebound.
2:09 of 2nd period - Shot by Henrik Zetterberg.
2:09 of 2nd period - Stopped by Carey Price without a rebound.
2:10 of 2nd period - Mike Cammalleri wins face-off versus Patrice Bergeron in Senators zone.
2:21 of 2nd period - Shot by Sidney Crosby.
2:21 of 2nd period - Stopped by Cam Ward without a rebound.
2:22 of 2nd period - Henrik Zetterberg wins face-off versus Jason Spezza in Bruins zone.
2:42 of 2nd period - Dustin Brown is hit by Karlis Skrastins.
3:07 of 2nd period - Icing by Karlis Skrastins.
3:08 of 2nd period - Jason Spezza wins face-off versus Patrice Bergeron in Senators zone.
3:50 of 2nd period - Shot by Sidney Crosby.
3:50 of 2nd period - Stopped by Cam Ward with a rebound.
3:54 of 2nd period - Shot by Mike Cammalleri.
3:54 of 2nd period - Stopped by Cam Ward without a rebound.
3:55 of 2nd period - Milan Lucic wins face-off versus David Jones in Bruins zone.
3:55 of 2nd period - Milan Lucic is hit by David Jones.
4:12 of 2nd period - Guillaume Latendresse is hit by Dan Hamhuis and loses puck.
4:16 of 2nd period - Minor Penalty to Dan Hamhuis for Tripping.
4:17 of 2nd period - Jason Spezza wins face-off versus Henrik Zetterberg in Bruins zone.
4:34 of 2nd period - Shot by Chris Stewart.
4:34 of 2nd period - Shot Misses the Net.
4:38 of 2nd period - Shot by Jason Spezza.
4:38 of 2nd period - Shot Misses the Net.
5:00 of 2nd period - Shot by Thomas Vanek.
5:00 of 2nd period - Stopped by Cam Ward without a rebound.
5:01 of 2nd period - Sidney Crosby wins face-off versus Patrice Bergeron in Bruins zone.
5:04 of 2nd period - Shot by Filip Kuba.
5:04 of 2nd period - Stopped by Cam Ward with a rebound.
5:06 of 2nd period - Shot by Filip Kuba.
5:06 of 2nd period - Stopped by Cam Ward without a rebound.
5:07 of 2nd period - Sidney Crosby wins face-off versus Patrice Bergeron in Bruins zone.
7:17 of 2nd period - Shot by Jason Spezza.
7:17 of 2nd period - Stopped by Cam Ward with a rebound.
7:19 of 2nd period - Shot by Jason Spezza.
7:19 of 2nd period - Goal by Jason Spezza - Bruins : 3 - Senators : 2.
7:20 of 2nd period - Rick Nash wins face-off versus Sidney Crosby in neutral zone.
7:20 of 2nd period - Patrice Bergeron is hit by Chris Stewart and loses puck.
7:24 of 2nd period - Off-side.
7:25 of 2nd period - Sidney Crosby wins face-off versus Patrice Bergeron in neutral zone.
7:25 of 2nd period - Chris Stewart is hit by Rick Nash and loses puck.
7:37 of 2nd period - Minor Penalty to Dion Phaneuf for Elbowing.
7:38 of 2nd period - Jordan Staal wins face-off versus Dustin Brown in Senators zone.
7:38 of 2nd period - Jordan Staal is hit by Dustin Brown.
7:48 of 2nd period - Minor Penalty to Dustin Brown for Hooking.
7:49 of 2nd period - Patrice Bergeron wins face-off versus Sidney Crosby in Bruins zone.
7:53 of 2nd period - Off-side.
7:54 of 2nd period - Sidney Crosby wins face-off versus Patrice Bergeron in neutral zone.
8:01 of 2nd period - Shot by Sidney Crosby.
8:01 of 2nd period - Shot Blocked by Nathan Horton.
8:29 of 2nd period - Shot by Nathan Horton.
8:29 of 2nd period - Stopped by Carey Price without a rebound.
8:30 of 2nd period - Jason Spezza wins face-off versus David Krejci in Senators zone.
8:57 of 2nd period - Shot by Jason Spezza.
8:57 of 2nd period - Shot Misses the Net.
9:08 of 2nd period - Icing by Jordan Leopold.
9:09 of 2nd period - Sidney Crosby wins face-off versus David Krejci in Bruins zone.
9:10 of 2nd period - Shot by Chris Stewart.
9:10 of 2nd period - Stopped by Cam Ward with a rebound.
9:13 of 2nd period - Icing by Jordan Leopold.
9:14 of 2nd period - Sidney Crosby wins face-off versus David Krejci in Bruins zone.
9:48 of 2nd period - Icing by Jay Bouwmeester.
9:49 of 2nd period - Henrik Zetterberg wins face-off versus Jordan Staal in Senators zone.
9:49 of 2nd period - Dustin Brown is hit by Jay Bouwmeester and loses puck.
10:13 of 2nd period - Minor Penalty to Toni Lydman for Hooking.
10:14 of 2nd period - Patrice Bergeron wins face-off versus Sidney Crosby in Bruins zone.
11:05 of 2nd period - Shot by Jason Spezza.
11:05 of 2nd period - Stopped by Cam Ward without a rebound.
11:06 of 2nd period - Jason Spezza wins face-off versus Henrik Zetterberg in Bruins zone.
11:07 of 2nd period - Shot by Dion Phaneuf.
11:07 of 2nd period - Goal by Dion Phaneuf - Bruins : 3 - Senators : 3.
11:08 of 2nd period - Jordan Staal wins face-off versus Patrice Bergeron in neutral zone.
11:27 of 2nd period - Shot by Rick Nash.
11:27 of 2nd period - Deflect By Mark Recchi.
11:27 of 2nd period - Stopped by Carey Price without a rebound.
11:28 of 2nd period - Henrik Zetterberg wins face-off versus Sidney Crosby in Senators zone.
11:59 of 2nd period - Shot by Henrik Zetterberg.
11:59 of 2nd period - Stopped by Carey Price without a rebound.
12:00 of 2nd period - Jason Spezza wins face-off versus Chris Kelly in Senators zone.
12:21 of 2nd period - Shot by Chris Kelly.
12:21 of 2nd period - Deflect By Milan Lucic.
12:21 of 2nd period - Stopped by Carey Price without a rebound.
12:22 of 2nd period - Patrice Bergeron wins face-off versus Jordan Staal in Senators zone.
13:23 of 2nd period - Icing by Chris Kelly.
13:24 of 2nd period - Brad Marchand wins face-off versus Daniel Briere in Bruins zone.
13:53 of 2nd period - Shot by Daniel Briere.
13:53 of 2nd period - Stopped by Cam Ward with a rebound.
13:55 of 2nd period - Shot by Karlis Skrastins.
13:55 of 2nd period - Stopped by Cam Ward without a rebound.
13:56 of 2nd period - Henrik Zetterberg wins face-off versus Sidney Crosby in Bruins zone.
13:56 of 2nd period - Dennis Seidenberg is hit by Mike Cammalleri and loses puck.
14:12 of 2nd period - Sidney Crosby is hit by Dennis Seidenberg and loses puck.
14:31 of 2nd period - Icing by Filip Kuba.
14:32 of 2nd period - Sidney Crosby wins face-off versus Patrice Bergeron in Senators zone.
14:44 of 2nd period - Icing by Sidney Crosby.
14:45 of 2nd period - Sidney Crosby wins face-off versus David Krejci in Senators zone.
14:53 of 2nd period - Minor Penalty to Daniel Briere for Holding.
14:54 of 2nd period - David Steckel wins face-off versus David Krejci in Senators zone.
16:46 of 2nd period - Icing by David Krejci.
16:47 of 2nd period - David Krejci wins face-off versus David Steckel in Bruins zone.
17:06 of 2nd period - Shot by Rick Nash.
17:06 of 2nd period - Goal by Rick Nash - Bruins : 4 - Senators : 3.
17:06 of 2nd period - Pascal Leclaire enters game.
17:07 of 2nd period - Sidney Crosby wins face-off versus Chris Kelly in neutral zone.
17:32 of 2nd period - Shot by Sidney Crosby.
17:32 of 2nd period - Deflect By Chris Stewart.
17:32 of 2nd period - Shot Misses the Net.
17:36 of 2nd period - Shot by Mike Cammalleri.
17:36 of 2nd period - Stopped by Cam Ward with a rebound.
17:40 of 2nd period - Shot by Mike Cammalleri.
17:40 of 2nd period - Deflect By Chris Stewart.
17:40 of 2nd period - Stopped by Cam Ward with a rebound.
17:52 of 2nd period - Shot by Jason Spezza.
17:52 of 2nd period - Stopped by Cam Ward without a rebound.
17:53 of 2nd period - Jordan Staal wins face-off versus Patrice Bergeron in Bruins zone.
17:58 of 2nd period - Shot by Guillaume Latendresse.
17:58 of 2nd period - Goal by Guillaume Latendresse - Bruins : 4 - Senators : 4.
17:59 of 2nd period - Thomas Vanek wins face-off versus Patrice Bergeron in neutral zone.
18:48 of 2nd period - Jason Spezza is hit by Dustin Brown and loses puck.
19:07 of 2nd period - Shot by Rich Peverley.
19:07 of 2nd period - Stopped by Pascal Leclaire with a rebound.
19:11 of 2nd period - Shot by Henrik Zetterberg.
19:11 of 2nd period - Shot Misses the Net.
19:15 of 2nd period - Shot by Rich Peverley.
19:15 of 2nd period - Shot Blocked by Carl Gunnarsson.
19:17 of 2nd period - Shot by Henrik Zetterberg.
19:17 of 2nd period - Stopped by Pascal Leclaire without a rebound.
19:18 of 2nd period - Chris Kelly wins face-off versus Jordan Staal in Senators zone.
19:21 of 2nd period - Shot by Milan Lucic.
19:21 of 2nd period - Stopped by Pascal Leclaire without a rebound.
19:22 of 2nd period - Chris Kelly wins face-off versus Jordan Staal in Senators zone.
19:27 of 2nd period - Icing by Jay Bouwmeester.
19:28 of 2nd period - Jordan Staal wins face-off versus Chris Kelly in Senators zone.
19:30 of 2nd period - Minor Penalty to Milan Lucic for Roughing.
19:31 of 2nd period - Patrice Bergeron wins face-off versus Sidney Crosby in Bruins zone.

Period #3

0:01 of 3rd period - Patrice Bergeron wins face-off versus Sidney Crosby in neutral zone.
1:25 of 3rd period - Shot by Chris Stewart.
1:25 of 3rd period - Deflect By Jason Spezza.
1:25 of 3rd period - Shot Misses the Net.
1:27 of 3rd period - Shot by Carl Gunnarsson.
1:27 of 3rd period - Stopped by Cam Ward without a rebound.
1:28 of 3rd period - Sidney Crosby wins face-off versus Patrice Bergeron in Bruins zone.
1:30 of 3rd period - Daniel Briere is hit by Zdeno Chara and loses puck.
1:38 of 3rd period - Minor Penalty to Jordan Staal for Hooking.
1:39 of 3rd period - David Krejci wins face-off versus Sidney Crosby in Senators zone.
2:02 of 3rd period - Shot by Dustin Brown.
2:02 of 3rd period - Shot Misses the Net.
2:06 of 3rd period - Shot by Rich Peverley.
2:06 of 3rd period - Stopped by Pascal Leclaire with a rebound.
2:10 of 3rd period - Shot by Jordan Leopold.
2:10 of 3rd period - Shot Misses the Net.
2:12 of 3rd period - Shot by Dennis Seidenberg.
2:12 of 3rd period - Stopped by Pascal Leclaire without a rebound.
2:13 of 3rd period - Henrik Zetterberg wins face-off versus Sidney Crosby in Senators zone.
2:14 of 3rd period - Shot by Rick Nash.
2:14 of 3rd period - Stopped by Pascal Leclaire without a rebound.
2:15 of 3rd period - Henrik Zetterberg wins face-off versus Sidney Crosby in Senators zone.
3:30 of 3rd period - Shot by Dustin Brown.
3:30 of 3rd period - Stopped by Pascal Leclaire without a rebound.
3:31 of 3rd period - Sidney Crosby wins face-off versus Nathan Horton in Senators zone.
3:40 of 3rd period - Shot by Mark Recchi.
3:40 of 3rd period - Stopped by Pascal Leclaire without a rebound.
3:41 of 3rd period - Patrice Bergeron wins face-off versus Jason Spezza in Senators zone.
3:44 of 3rd period - Shot by Patrice Bergeron.
3:44 of 3rd period - Shot Misses the Net.
3:46 of 3rd period - Shot by Rick Nash.
3:46 of 3rd period - Shot Hit the Post.
3:50 of 3rd period - Shot by Rick Nash.
3:50 of 3rd period - Shot Misses the Net.
3:54 of 3rd period - Shot by Zdeno Chara.
3:54 of 3rd period - Shot Blocked by Carl Gunnarsson.
3:58 of 3rd period - Shot by Rick Nash.
3:58 of 3rd period - Stopped by Pascal Leclaire without a rebound.
3:59 of 3rd period - Sidney Crosby wins face-off versus Chris Kelly in Senators zone.
4:16 of 3rd period - Minor Penalty to Dan Hamhuis for High sticking.
4:17 of 3rd period - Sidney Crosby wins face-off versus Henrik Zetterberg in Bruins zone.
4:27 of 3rd period - Icing by Jay Bouwmeester.
4:28 of 3rd period - Sidney Crosby wins face-off versus Patrice Bergeron in Senators zone.
4:44 of 3rd period - Shot by Jay Bouwmeester.
4:44 of 3rd period - Shot Misses the Net.
4:52 of 3rd period - Shot by Filip Kuba.
4:52 of 3rd period - Shot Blocked by Dennis Seidenberg.
5:21 of 3rd period - Icing by Dion Phaneuf.
5:22 of 3rd period - Jason Spezza wins face-off versus Henrik Zetterberg in Senators zone.
5:41 of 3rd period - Shot by Dion Phaneuf.
5:41 of 3rd period - Shot Blocked by Henrik Zetterberg.
5:43 of 3rd period - Shot by Dion Phaneuf.
5:43 of 3rd period - Stopped by Cam Ward without a rebound.
5:44 of 3rd period - Patrice Bergeron wins face-off versus Sidney Crosby in Bruins zone.
6:22 of 3rd period - Off-side.
6:23 of 3rd period - Chris Kelly wins face-off versus Jordan Staal in neutral zone.
6:44 of 3rd period - Shot by Jordan Staal.
6:44 of 3rd period - Stopped by Cam Ward without a rebound.
6:45 of 3rd period - Patrice Bergeron wins face-off versus Jason Spezza in Bruins zone.
7:14 of 3rd period - Shot by Patrice Bergeron.
7:14 of 3rd period - Shot Misses the Net.
7:42 of 3rd period - Patrice Bergeron is hit by Sidney Crosby and loses puck.
7:59 of 3rd period - Shot by Chris Stewart.
7:59 of 3rd period - Shot Misses the Net.
8:01 of 3rd period - Shot by Mike Cammalleri.
8:01 of 3rd period - Stopped by Cam Ward with a rebound.
8:03 of 3rd period - Shot by Sidney Crosby.
8:03 of 3rd period - Stopped by Cam Ward without a rebound.
8:04 of 3rd period - Henrik Zetterberg wins face-off versus Jordan Staal in Bruins zone.
8:28 of 3rd period - Minor Penalty to Dennis Seidenberg for Hooking.
8:29 of 3rd period - Henrik Zetterberg wins face-off versus Jason Spezza in Bruins zone.
8:52 of 3rd period - Shot by Chris Stewart.
8:52 of 3rd period - Shot Misses the Net.
8:54 of 3rd period - Shot by Jason Spezza.
8:54 of 3rd period - Shot Misses the Net.
8:56 of 3rd period - Shot by Dion Phaneuf.
8:56 of 3rd period - Shot Blocked by Henrik Zetterberg.
8:58 of 3rd period - Shot by Carl Gunnarsson.
8:58 of 3rd period - Stopped by Cam Ward without a rebound.
8:59 of 3rd period - Sidney Crosby wins face-off versus Dustin Brown in Bruins zone.
9:07 of 3rd period - Shot by Jay Bouwmeester.
9:07 of 3rd period - Shot Misses the Net.
10:30 of 3rd period - Shot by Jordan Staal.
10:30 of 3rd period - Shot Misses the Net.
10:32 of 3rd period - Shot by Jordan Staal.
10:32 of 3rd period - Shot Misses the Net.
11:29 of 3rd period - Minor Penalty to Chris Stewart for Roughing.
11:29 of 3rd period - Minor Penalty to Dan Hamhuis for Holding.
11:30 of 3rd period - Jason Spezza wins face-off versus Rick Nash in Bruins zone.
11:57 of 3rd period - Shot by Daniel Briere.
11:57 of 3rd period - Shot Misses the Net.
12:27 of 3rd period - Shot by Sidney Crosby.
12:27 of 3rd period - Stopped by Cam Ward without a rebound.
12:28 of 3rd period - Patrice Bergeron wins face-off versus Jason Spezza in Bruins zone.
12:33 of 3rd period - Filip Kuba is hit by Nathan Horton and loses puck.
12:48 of 3rd period - Icing by Toni Lydman.
12:49 of 3rd period - Sidney Crosby wins face-off versus Patrice Bergeron in Bruins zone.
12:50 of 3rd period - Shot by Thomas Vanek.
12:50 of 3rd period - Stopped by Cam Ward without a rebound.
12:51 of 3rd period - Patrice Bergeron wins face-off versus Sidney Crosby in Bruins zone.
13:24 of 3rd period - Icing by Patrice Bergeron.
13:25 of 3rd period - Patrice Bergeron wins face-off versus Jason Spezza in Bruins zone.
13:40 of 3rd period - Shot by Jordan Staal.
13:40 of 3rd period - Stopped by Cam Ward with a rebound.
13:57 of 3rd period - Shot by Brad Marchand.
13:57 of 3rd period - Deflect By Milan Lucic.
13:57 of 3rd period - Stopped by Pascal Leclaire without a rebound.
13:58 of 3rd period - Sidney Crosby wins face-off versus Henrik Zetterberg in Senators zone.
14:17 of 3rd period - Icing by Chris Stewart.
14:18 of 3rd period - Sidney Crosby wins face-off versus Patrice Bergeron in Senators zone.
14:42 of 3rd period - Dion Phaneuf is hit by Patrice Bergeron and loses puck.
14:47 of 3rd period - Shot by Rick Nash.
14:47 of 3rd period - Shot Misses the Net.
14:49 of 3rd period - Shot by Mark Recchi.
14:49 of 3rd period - Stopped by Pascal Leclaire without a rebound.
14:50 of 3rd period - Dustin Brown wins face-off versus Jason Spezza in Senators zone.
15:31 of 3rd period - Minor Penalty to Daniel Briere for High sticking.
15:31 of 3rd period - Minor Penalty to Dennis Seidenberg for Holding.
15:32 of 3rd period - David Krejci wins face-off versus Jason Spezza in Bruins zone.
15:43 of 3rd period - Tom Gilbert is hit by Mike Cammalleri.
15:53 of 3rd period - Shot by Jason Spezza.
15:53 of 3rd period - Shot Blocked by Tom Gilbert.
15:55 of 3rd period - Shot by Mike Cammalleri.
15:55 of 3rd period - Shot Misses the Net.
15:57 of 3rd period - Shot by Jay Bouwmeester.
15:57 of 3rd period - Shot Misses the Net.
15:59 of 3rd period - Shot by Jay Bouwmeester.
15:59 of 3rd period - Shot Misses the Net.
16:01 of 3rd period - Shot by Jason Spezza.
16:01 of 3rd period - Deflect By Mike Cammalleri.
16:01 of 3rd period - Stopped by Cam Ward without a rebound.
16:02 of 3rd period - Sidney Crosby wins face-off versus Patrice Bergeron in Bruins zone.
16:03 of 3rd period - Shot by Chris Stewart.
16:03 of 3rd period - Stopped by Cam Ward without a rebound.
16:03 of 3rd period - Minor Penalty to Zdeno Chara for Holding.
16:04 of 3rd period - David Krejci wins face-off versus Sidney Crosby in Bruins zone.
16:29 of 3rd period - Sidney Crosby is hit by Dan Hamhuis and loses puck.
17:32 of 3rd period - Icing by Chris Stewart.
17:33 of 3rd period - Sidney Crosby wins face-off versus Patrice Bergeron in Senators zone.
18:02 of 3rd period - Karlis Skrastins is hit by Gregory Campbell and loses puck.
18:09 of 3rd period - Shot by Henrik Zetterberg.
18:09 of 3rd period - Shot Misses the Net.
18:15 of 3rd period - Shot by Rich Peverley.
18:15 of 3rd period - Deflect By Dustin Brown.
18:15 of 3rd period - Stopped by Pascal Leclaire without a rebound.
18:16 of 3rd period - Jason Spezza wins face-off versus Rich Peverley in Senators zone.
18:16 of 3rd period - Jason Spezza is hit by Dustin Brown.
18:25 of 3rd period - Icing by Zdeno Chara.
18:26 of 3rd period - Chris Stewart wins face-off versus Henrik Zetterberg in Bruins zone.
18:32 of 3rd period - Icing by Dennis Seidenberg.
18:33 of 3rd period - Jason Spezza wins face-off versus Dustin Brown in Bruins zone.
18:56 of 3rd period - Shot by Henrik Zetterberg.
18:56 of 3rd period - Stopped by Pascal Leclaire without a rebound.
18:57 of 3rd period - David Krejci wins face-off versus Sidney Crosby in Senators zone.
19:24 of 3rd period - Shot by Sidney Crosby.
19:24 of 3rd period - Stopped by Cam Ward without a rebound.
19:25 of 3rd period - David Krejci wins face-off versus Thomas Vanek in Bruins zone.
19:25 of 3rd period - David Krejci is hit by Chris Stewart.
19:33 of 3rd period - Shot by David Krejci.
19:33 of 3rd period - Deflect By Nathan Horton.
19:33 of 3rd period - Stopped by Pascal Leclaire without a rebound.
19:34 of 3rd period - Sidney Crosby wins face-off versus David Krejci in Senators zone.

Overtime #1

0:01 of 1st overtime period - David Krejci wins face-off versus Sidney Crosby in neutral zone.
0:01 of 1st overtime period - Rick Nash is hit by Chris Stewart and loses puck.
0:17 of 1st overtime period - Filip Kuba is hit by Nathan Horton and loses puck.
0:18 of 1st overtime period - Filip Kuba from Senators is injured at 0:18 of 1st overtime period (Bruised Left Shoulder).
0:19 of 1st overtime period - Jason Spezza wins face-off versus Dustin Brown in neutral zone.
0:21 of 1st overtime period - Off-side.
0:22 of 1st overtime period - Jason Spezza wins face-off versus Henrik Zetterberg in neutral zone.
0:56 of 1st overtime period - Shot by Jason Spezza.
0:56 of 1st overtime period - Stopped by Cam Ward without a rebound.
0:57 of 1st overtime period - Sidney Crosby wins face-off versus David Krejci in Bruins zone.
1:03 of 1st overtime period - Icing by Zdeno Chara.
1:04 of 1st overtime period - David Krejci wins face-off versus David Jones in Bruins zone.
1:04 of 1st overtime period - David Krejci is hit by Jordan Staal.
1:05 of 1st overtime period - Minor Penalty to David Jones for Roughing.
1:06 of 1st overtime period - Henrik Zetterberg wins face-off versus David Steckel in Senators zone.
1:07 of 1st overtime period - Shot by Rick Nash.
1:07 of 1st overtime period - Stopped by Pascal Leclaire with a rebound.
1:15 of 1st overtime period - Shot by Zdeno Chara.
1:15 of 1st overtime period - Shot Blocked by Sidney Crosby.
3:03 of 1st overtime period - Jordan Leopold is hit by Carl Gunnarsson and loses puck.
3:14 of 1st overtime period - Shot by Mark Recchi.
3:14 of 1st overtime period - Shot Misses the Net.
3:20 of 1st overtime period - Shot by Sidney Crosby.
3:20 of 1st overtime period - Stopped by Cam Ward without a rebound.
3:21 of 1st overtime period - Jason Spezza wins face-off versus Chris Kelly in Bruins zone.
3:42 of 1st overtime period - Shot by Chris Kelly.
3:42 of 1st overtime period - Shot Misses the Net.
4:07 of 1st overtime period - Shot by Rick Nash.
4:07 of 1st overtime period - Stopped by Pascal Leclaire without a rebound.
4:08 of 1st overtime period - Henrik Zetterberg wins face-off versus Jordan Staal in Senators zone.
4:10 of 1st overtime period - Dustin Brown is hit by Jay Bouwmeester and loses puck.
4:25 of 1st overtime period - Minor Penalty to David Jones for Tripping.
4:25 of 1st overtime period - Minor Penalty to Dennis Seidenberg for Roughing.
4:26 of 1st overtime period - Jason Spezza wins face-off versus Patrice Bergeron in Bruins zone.
4:43 of 1st overtime period - Shot by Mike Cammalleri.
4:43 of 1st overtime period - Shot Misses the Net.
4:55 of 1st overtime period - Shot by Mike Cammalleri.
4:55 of 1st overtime period - Stopped by Cam Ward without a rebound.
4:56 of 1st overtime period - Rick Nash wins face-off versus Sidney Crosby in Bruins zone.
5:41 of 1st overtime period - Shot by Jason Spezza.
5:41 of 1st overtime period - Shot Blocked by Tom Gilbert.
5:45 of 1st overtime period - Shot by Jason Spezza.
5:45 of 1st overtime period - Shot Misses the Net.
5:47 of 1st overtime period - Shot by Brent Sopel.
5:47 of 1st overtime period - Stopped by Cam Ward without a rebound.
5:48 of 1st overtime period - Sidney Crosby wins face-off versus Patrice Bergeron in Bruins zone.
6:07 of 1st overtime period - Shot by Mike Cammalleri.
6:07 of 1st overtime period - Shot Blocked by Zdeno Chara.
6:10 of 1st overtime period - Icing by Zdeno Chara.
6:11 of 1st overtime period - Patrice Bergeron wins face-off versus Sidney Crosby in Bruins zone.
6:59 of 1st overtime period - Shot by Henrik Zetterberg.
6:59 of 1st overtime period - Shot Blocked by Brent Sopel.
7:03 of 1st overtime period - Shot by Henrik Zetterberg.
7:03 of 1st overtime period - Shot Misses the Net.
7:05 of 1st overtime period - Shot by Rich Peverley.
7:05 of 1st overtime period - Deflect By Henrik Zetterberg.
7:05 of 1st overtime period - Goal by Henrik Zetterberg - Bruins : 5 - Senators : 4.


Output by the SimonT Hockey Simulator (STHS) for Stephane Roy -- Original Page W3C XHTML 1.0 Valid